 Dungeon Crawl Stone Soup version 0.29-a0-275-g389c0b56f3 (webtiles) character file.

Game seed: 10740159098928519717

112 Leszczynek the Conjurer (level 5, 10/38 HPs)
             Began as a Human Gladiator on Mar 10, 2022.
             Was a Believer of Vehumet.
             Quit the game on level 4 of the Dungeon.
             The game lasted 00:09:00 (1246 turns).

Leszczynek the Conjurer (Human Gladiator)           Turns: 1246, Time: 00:09:00

Health: 10/38      AC:  5    Str: 15    XL:     5   Next: 16%
Magic:  5/5        EV: 12    Int: 10    God:    Vehumet [**....]
Gold:   202        SH:  0    Dex: 14    Spells: 3/4 levels left

rFire   . . .      SeeInvis .   a - +0 war axe
rCold   . . .      Faith    .   (no shield)
rNeg    . . .      Spirit   .   b - +0 leather armour
rPois   .          Reflect  .   c - +0 helmet
rElec   .          Harm     .   o - +0 cloak
rCorr   .          Rampage  .   (no gloves)
Will    .....                   (no boots)
Stlth   +.........              (no amulet)
HPRegen 0.12/turn               (no ring)
MPRegen 0.09/turn               (no ring)

@: no status effects
A: no striking features
a: Renounce Religion


You were on level 4 of the Dungeon.
You worshipped Vehumet.
Vehumet was pleased with you.
You visited 1 branch of the dungeon, and saw 4 of its levels.

You collected 202 gold pieces.

Inventory:

Hand Weapons
 a - a +0 war axe (weapon)
Missiles
 d - 2 throwing nets (quivered)
 e - a javelin
Armour
 b - a +0 leather armour (worn)
 c - a +0 helmet (worn)
 g - a +0 ring mail
 h - a +0 buckler
 o - a +0 cloak (worn)
Scrolls
 k - a scroll of blinking
 m - a scroll of noise {unknown}
 r - a scroll of teleportation {unknown}
 s - a scroll of summoning {unknown}
Potions
 f - a potion of invisibility {unknown}
 i - a potion of heal wounds {unknown}
 j - a potion of brilliance {unknown}
 l - a potion of attraction {unknown}
 n - a potion of flight {unknown}
 p - a potion of degeneration {unknown}


   Skills:
 - Level 2.0 Fighting
 - Level 3.3 Axes
 - Level 2.0 Throwing
 - Level 3.0 Dodging
 - Level 0.5 Shields
 + Level 0.0 Spellcasting
 - Level 4.0 Conjurations


You had 3 spell levels left.
You knew the following spells:

 Your Spells              Type           Power      Damage    Failure   Level
a - Magic Dart            Conj           32%        1d4       9%          1

Your spell library contained the following spells:

 Spells                   Type           Power      Damage    Failure   Level
 Sandblast                Erth           0%         2d4       43%         1
 Gell's Gravitas          Tloc           0%         N/A       80%         3
 Lesser Beckoning         Tloc           0%         N/A       80%         3
 Teleport Other           Tloc           0%         N/A       80%         3
 Dispersal                Tloc           0%         N/A       100%        6
 Disjunction              Tloc           0%         N/A       100%        8


Dungeon Overview and Level Annotations

Branches:
Dungeon (4/15)
 Temple: D:4-7

Altars:
Ru
Vehumet


Message History

You closely miss the hound.
The hound is severely wounded.
The hound bites you but does no damage.
You slash the hound!
You kill the hound!
Vehumet accepts your kill.
You feel your power returning.
Your Conjurations skill increases to level 4!
You have reached level 5!
You feel a strong urge to attack something.
You are no longer berserk.
You are exhausted.
You feel yourself slow down.
You start resting.
You feel yourself speed up.
A ball python comes into view.
Found 7 gold pieces.
The ball python hisses angrily.
You see here 14 gold pieces.
You now have 195 gold pieces (gained 14).
You closely miss the ball python. The ball python bites you.
The ball python grabs you. The ball python constricts you.
The ball python bites you. The ball python constricts you.
You closely miss the ball python.
The ball python bites you but does no damage.
The ball python constricts you.
You barely miss the ball python. The ball python misses you.
The ball python constricts you. The ball python bites you.
* * * LOW HITPOINT WARNING * * *
The ball python constricts you.
* * * LOW HITPOINT WARNING * * *
You slash the ball python!
You kill the ball python!
Vehumet accepts your kill.
Unknown command.
You recover from your berserk rage.
d - 2 throwing nets (gained 1)
You now have 202 gold pieces (gained 7).
A giant cockroach and an orc wizard come into view.
Are you sure you want to abandon this character and quit the game? (Confirm with "yes".)

#...# .# #...# .. #...# .
##.#### #...######## #o
.....# #..........) #.#
#.#.######.........##
..###.................##
#.#...................#
#....@...............#
#B##..#.######...........
#.......# #..........#
####..### #.†.######.#
#.. #...# #.. #.. #...#
#.. #.. #...### #.# ...
##....# #.# ##..
####.####.#


There were no monsters in sight!

Vanquished Creatures
  A hound (D:4)
  A jelly (D:4)
  An adder (D:2)
  A dart slug (D:2)
  4 orcs (D:4)
  2 ball pythons
  2 endoplasms
  2 giant cockroaches
  8 goblins
  4 hobgoblins
  A bat (D:1)
  3 kobolds
  4 rats
34 creatures vanquished.

Notes
Turn   | Place    | Note
-------+----------+-------------------------------------------
     0 | D:1      | Leszczynek the Human Gladiator began the quest for the Orb.
     0 | D:1      | Reached XP level 1. HP: 16/16 MP: 1/1
    98 | D:1      | You fall into a shaft and drop 1 floor!
   130 | D:1      | Reached XP level 2. HP: 21/22 MP: 2/2
   186 | D:2      | Found a faded altar of an unknown god.
   189 | D:2      | Prayed at the altar of an unknown god.
   189 | D:2      | Became a worshipper of Vehumet
   189 | D:2      | Reached * piety under Vehumet
   189 | D:2      | Offered knowledge of Magic Dart by Vehumet.
   192 | D:2      | Learned a level 1 spell: Magic Dart
   363 | D:2      | Reached skill level 1 in Conjurations
   390 | D:2      | Reached XP level 3. HP: 17/27 MP: 3/3
   474 | D:2      | Reached skill level 2 in Conjurations
   893 | D:4      | Offered knowledge of Sandblast by Vehumet.
   908 | D:4      | Reached ** piety under Vehumet
   967 | D:4      | Noticed an ogre
   974 | D:4      | oh
   981 | D:4      | Reached XP level 4. HP: 27/33 MP: 4/4
  1052 | D:4      | Noticed a yak
  1053 | D:4      | Noticed a yak
  1053 | D:4      | Noticed a yak
  1054 | D:4      | you serious?
  1055 | D:4      | Noticed a yak
  1116 | D:3      | Found a sacrificial altar of Ru.
  1170 | D:4      | Reached skill level 3 in Conjurations
  1193 | D:4      | Reached skill level 4 in Conjurations
  1193 | D:4      | Reached XP level 5. HP: 18/38 MP: 5/5
  1246 | D:4      | Quit the game

Illustrated notes

..#..####.......# #...
..#))# #.#.....###[#.
.....# #.#.........#.##
..#.## #.###.#####.#..# #
#.#.#####.###.#####.##.#.#
#................##.##.#.#
#..........##.##.##......#
#.#...#....##.##.##.##.###
#.#.....##.##...@O.....#
#.##..####.#############
#.##..# #.# #...... ..#
######## ###


Turn 974 on D:4: oh ### ..# #.# #[# #.# ##.#####<# YY.Y>..@.# ##.##.#### # Turn
1054 on D:4: you serious?

Levels and vault maps discovered:
D:1:      lightli_arrival_windingriver, layout_rooms
D:2:      layout_loops_cross, nicolae_ecumenical_pavilion
D:3:      layout_basic, mainiacjoe_overflow_24_doors, gup_sewer_entry_bubbles
D:4:      layout_loops_cross, nemelex_dance_club_becter, nicolae_alphabet_shops

Skill      XL: |  1  2  3  4 |
---------------+-------------+-----
Conjurations   | 1 2 4 |  4.0
Fighting       | |  2.0
Axes           | |  3.3
Throwing       | |  2.0
Dodging        | |  3.0
Shields        | |  0.5

Action                   |  1- 3 |  4- 6 || total
-------------------------+-------+-------++-------
Melee: War axe           |    78 |    24 ||   102
Throw: Throwing net      |     2 |     1 ||     3
 Cast: Magic Dart        |       |     2 ||     2
  Use: Scroll            |     1 |       ||     1
       Potion            |       |     1 ||     1
Armor: Ring mail         |    23 |       ||    23
       Leather armour    |     4 |     5 ||     9
Dodge: Dodged            |    39 |    21 ||    60
Block: Buckler           |     8 |       ||     8

Table legend: (Time is in decaauts)
 A = Elapsed time spent in this place.
 B = Non-inter-level travel time spent in this place.
 C = Inter-level travel time spent in this place.
 D = Time resting spent in this place.
 E = Time spent auto-exploring this place.
 F = Levels seen in this place.
 G = Mean time per level.
                   A        B        C        D        E       F      G
               +--------+--------+--------+--------+--------+-----+--------+
         Total |   1295 |   1249 |     46 |     36 |      0 |   4 |  323.8 |
       Dungeon |   1295 |   1249 |     46 |     36 |      0 |   4 |  323.8 |
               +--------+--------+--------+--------+--------+-----+--------+

Top non-repeatable levels by time:
     D:3: 396 daAuts
     D:2: 357 daAuts
     D:1: 281 daAuts
     D:4: 259 daAuts
